 Dungeon Crawl Stone Soup version 0.19.5 (webtiles) character file.

7 straycat the Magician (level 1, -3/13 HPs)
             Began as a Vampire Wanderer on May 13, 2017.
             Slain by a gnoll
             ... wielding a +0 whip
              (9 damage)
             ... on level 1 of the Dungeon.
             The game lasted 00:16:44 (1162 turns).

straycat the Magician (Vampire Wanderer)            Turns: 1162, Time: 00:16:46

Health: -3/13      AC:  2    Str: 10    XL:     1   Next: 91%
Magic:  3/4        EV: 11    Int: 17    God:
Gold:   23         SH:  0    Dex: 11    Spells: 1 memorised, 5 levels left

rFire  . . .     SeeInvis +     (no weapon)
rCold  + . .     Gourm    .     d - +0 robe
rNeg   + + .     Faith    .     (no shield)
rPois  +         Spirit   .     (no helmet)
rElec  .         Reflect  .     (no cloak)
rCorr  .         Harm     .     (no gloves)
MR     .....                    (no boots)
Stlth  +++.......               (no amulet)
                                (no ring)
                                (no ring)

@: regenerating slowly
A: fangs 3, see invisible, unbreathing
a: no special abilities


You were on level 1 of the Dungeon.
You were thirsty.

You visited 1 branch of the dungeon, and saw 1 of its levels.

You collected 23 gold pieces.

Inventory:

Hand Weapons
 g - a +0 dagger
 h - a +0 club
 p - a +0 dagger
 q - a +0 hunting sling
Missiles
 k - a stone (quivered)
Armour
 d - a +0 robe (worn)
Jewellery
 n - an uncursed ring of ice {unknown}
Scrolls
 e - a scroll of teleportation {unknown}
 i - a scroll of identify {unknown}
 l - a scroll of amnesia {unknown}
Potions
 f - 7 potions of blood
 j - a potion of lignification {unknown}
 m - a potion of mutation {unknown}
 o - 2 potions of curing {unknown}
Books
 a - a book of Battle

   Spells                             Type                      Level
   a - Infusion                       Charms                       1
   b - Shroud of Golubria             Charms/Translocation         2
   c - Song of Slaying                Charms                       2
   d - Spectral Weapon                Hexes/Charms                 3
   e - Regeneration                   Charms/Necromancy            3
 b - the Guide on Companions

   Spells                             Type                      Level
   a - Summon Small Mammal            Summoning                    1
   b - Recall                         Summoning/Translocation      3
 c - the Reference Book on Feathers

   Spells                             Type                      Level
   a - Repel Missiles                 Charms/Air                   2
   b - Swiftness                      Charms/Air                   2


   Skills:
 * Level 0.1 Fighting
 + Level 0.1 Throwing
 + Level 0.2 Armour
 * Level 0.2 Dodging
 + Level 3.1 Stealth
 * Level 0.2 Unarmed Combat
 * Level 3.1 Spellcasting
   Level 2.1 Charms
 + Level 0.2 Summonings
   Level 1.1 Necromancy
   Level 2.0 Air Magic


You had 5 spell levels left.
You knew the following spells:

 Your Spells              Type           Power        Failure   Level  Hunger
a - Summon Small Mammal   Summ           #...         21%         1    None


Dungeon Overview and Level Annotations

Branches:
Dungeon (1/15)

Altars:


Innate Abilities, Weirdness & Mutations

You heal slowly.
You have razor-sharp teeth.
You have supernaturally acute eyesight. (SInv)
You can survive without breathing.


Message History

You hit the gnoll but do no damage. You bite the gnoll.
You draw the gnoll's blood!
You feel slightly less thirsty.
The gnoll is moderately wounded.
Your bat hits the gnoll but does no damage. x2
You closely miss the gnoll.
The gnoll is moderately wounded.
Your bat hits the gnoll but does no damage.
The gnoll hits you but does no damage.
You hit the gnoll but do no damage.
The gnoll is moderately wounded.
Your bat hits the gnoll but does no damage.
The gnoll hits you with a whip!
Ouch! That really hurt!
You barely miss the gnoll.
The gnoll is moderately wounded.
Your bat barely misses the gnoll.
Your bat hits the gnoll but does no damage.
The gnoll hits you with a whip!
Ouch! That really hurt!
You die...

#.###.......#.......#.#
# #.#####.#.#.......#
#...# #.#.#.###.#.#
#...# #.#.#.# #....
#...# #.#.#.# #####
#...# #.#.#.# # #..b#
#.#.#รท# # #.g.#
#.#.#.# # #.@.# #.#.#.#
# #...# #...#.# #
###########.# #
#...........# #
#....######## #
#..........########
#....#####.#.......
#......# #.#.######
#.##...###.#.####.#


You could see a gnoll and a friendly bat.

Vanquished Creatures
  A giant cockroach (D:1)
  A bat (D:1)
  A frilled lizard (D:1)
  A kobold (D:1)
  A rat (D:1)
5 creatures vanquished.

Vanquished Creatures (collateral kills)
  A bat (D:1)
  3 kobolds (D:1)
  A rat (D:1)
5 creatures vanquished.

Grand Total: 10 creatures vanquished

Notes
Turn   | Place    | Note
-------+----------+-------------------------------------------
     0 | D:1      | straycat the Vampire Wanderer began the quest for the Orb.
     0 | D:1      | straycat set off with: a book of Battle, the Guide on Companions, the Reference Book on Feathers, a +0 robe, a +0 dagger, a potion of blood
     0 | D:1      | Reached XP level 1. HP: 13/13 MP: 4/4
     7 | D:1      | Identified the Guide on Companions
     7 | D:1      | Identified the Reference Book on Feathers
    13 | D:1      | Learned a level 1 spell: Summon Small Mammal
  1162 | D:1      | Slain by a gnoll

Action                   || total
-------------------------++-------
Melee: Unarmed           ||    40
       Bite              ||     6
 Cast: Summon Small Mamm ||    41
 Stab: Sleeping          ||     1
Armor: Robe              ||    16
Dodge: Dodged            ||    32
